 Dungeon Crawl Stone Soup version 0.31-a0-236-g9a0961fb85 (webtiles) character file.

Game seed: 16294317513438370018

52090 Shard1697 the Severer (level 15, -3/128 HPs)
             Began as a Meteoran Berserker on July 11, 2023.
             Was a High Priest of Trog.
             Slain by a caustic shrike simulacrum (14 damage)
             ... in an ice cave.
             The game lasted 00:40:27 (8397 turns).

Shard1697 the Severer (Meteoran Berserker)          Turns: 8397, Time: 00:40:27

Health: -3/128     AC: 23    Str: 23    XL:     15   Next: 44%
Magic:  2/16       EV: 13    Int:  9    God:    Trog [*****.]
Gold:   1074       SH: 13    Dex: 18    Spells: 14/14 levels left

rFire   + . .        b - +3 broad axe (flame)
rCold   + + .        D - +0 kite shield
rNeg    + . .        R - +3 chain mail {rC+}
rPois   +            o - +2 hat
rElec   +            P - +2 cloak
rCorr   +            L - +2 pair of gloves {infuse}
SInv    .            (no boots)
Will    +++..        s - amulet of regeneration Stlth
                     l - ring of positive energy
HPRegen 2.21/turn    N - ring of poison resistance
MPRegen 0.15/turn

%: infuse magic (1 MP)
@: resistant, strong-willed, regenerating, glowing
A: sense surroundings 2, otherworldly, glowing, explore regen
a: Renounce Religion, Berserk, Trog's Hand, Brothers in Arms


You were in an ice cave.
You worshipped Trog.
Trog was extremely pleased with you.
You visited 1 branch of the dungeon, and saw 15 of its levels.
You also visited: Ossuary, Gauntlet and Ice Cave.

You collected 1116 gold pieces.
You spent 42 gold pieces at shops.

Inventory:

Hand Weapons
 a - the +6 broad axe of Egomania {heavy, rElec}
   (Trog gifted it to you on level 11 of the Dungeon)

   rElec:     It insulates you from electricity.
 b - a +3 broad axe of flaming (weapon)
Missiles
 H - a throwing net
Armour
 o - a +2 hat (worn)
 D - a +0 kite shield (worn)
 L - a +2 pair of gloves of infusion (worn)
 P - a +2 cloak (worn)
 R - a +3 chain mail of cold resistance (worn)
Jewellery
 l - a ring of positive energy (left hand)
 p - a ring of protection from fire
 s - an amulet of regeneration (around neck)
 J - a ring of ice
 M - the amulet "Nuntef" {Spirit rF- Will+ Str+5 Int-2}
   (You found it in a Gauntlet)

   [amulet of guardian spirit]

   It causes incoming damage to be divided between your reserves of health and
   magic.
   Str:       It affects your strength (+5).
   Int:       It affects your intelligence (-2).
   rF:        It makes you vulnerable to fire.
   Will:      It increases your willpower.
 N - a ring of poison resistance (right hand)
Wands
 q - a wand of flame (6)
 v - a wand of digging (3)
 y - a wand of roots (13)
 C - a wand of charming (25)
 E - a wand of mindburst (2)
 G - a wand of acid (5)
 O - a wand of polymorph (6)
Scrolls
 c - 2 scrolls of immolation
 j - 3 scrolls of fear
 m - 2 scrolls of enchant armour
 r - 3 scrolls of vulnerability
 z - 2 scrolls of poison
 B - 2 scrolls of fog
 Q - 2 scrolls of silence
Potions
 d - 4 potions of might
 e - 13 potions of curing
 f - 4 potions of cancellation
 g - 2 potions of resistance
 i - 2 potions of magic
 k - a potion of enlightenment
 n - a potion of haste
 t - a potion of berserk rage
 u - 3 potions of lignification
 w - 2 potions of attraction
 F - a potion of mutation
Miscellaneous
 x - a sack of spiders
 K - a phantom mirror


   Skills:
 + Level 10.9 Fighting
 + Level 18.5 Axes
 - Level 10.0 Armour
 * Level 9.6 Dodging
 + Level 13.0 Shields
 - Level 10.2 Evocations


You had 14 spell levels left.
You didn't know any spells.
Your spell library was empty.

Dungeon Overview and Level Annotations

Branches:
Dungeon (15/15) Zot: 1552  Temple (0/1) D:6            Lair (0/5) D:10
    Orc (0/2) D:9          Vaults (0/5) D:14         Depths (0/4) D:15
Ossuary (visited)           IceCv (1/1) Zot: 106    Gauntlet (visited)

Altars:
Ashenzari
Cheibriados
Kikubaaqudgha
Makhleb
Okawaru
Ru
Sif Muna
Trog
Vehumet
Zin

Shops:
D:1 !


Innate Abilities, Weirdness & Mutations

You passively map the area around you.
You are easily found by Zot.
You glow in the dark.
You regain HP and MP as you explore.


Message History

You feel strong-willed.
You are engulfed in freezing vapours.
You resist.
The caustic shrike simulacrum claws you but does no damage.
The blizzard demon is engulfed in freezing vapours.
You are engulfed in freezing vapours.
You resist.
The blizzard demon is engulfed in freezing vapours.
The caustic shrike simulacrum claws you.
The caustic shrike simulacrum freezes you!
You resist.
The caustic shrike simulacrum attacks as you move away!
The caustic shrike simulacrum claws you.
* * * LOW HITPOINT WARNING * * *
The caustic shrike simulacrum freezes you!
You resist.
* * * LOW HITPOINT WARNING * * *
You are engulfed in freezing vapours.
You resist.
* * * LOW HITPOINT WARNING * * *
You block the caustic shrike simulacrum's attack.
You feel much better.
The caustic shrike simulacrum claws you but does no damage.
The blizzard demon is engulfed in freezing vapours.
The caustic shrike simulacrum completely misses you.
You hit the caustic shrike simulacrum.
You melt the caustic shrike simulacrum.
The caustic shrike simulacrum is moderately damaged.
You block the caustic shrike simulacrum's attack.
The blizzard demon is engulfed in freezing vapours.
You slash the caustic shrike simulacrum!
You melt the caustic shrike simulacrum.
The caustic shrike simulacrum is heavily damaged.
The caustic shrike simulacrum claws you!
* * * LOW HITPOINT WARNING * * *
The caustic shrike simulacrum freezes you!
You resist.
* * * LOW HITPOINT WARNING * * *
The blizzard demon is engulfed in freezing vapours.
The caustic shrike simulacrum claws you!
* * * LOW HITPOINT WARNING * * *
The caustic shrike simulacrum freezes you!
You resist.
You die...

* ######## ##### *, .,*
##......######~.#. ,
#..*
##.....##..##~~##.# ⌠
#...#....######~~~####.
, #...@###≈≈≈≈≈~~####..
*
#######Z2##≈≈≈≈≈≈≈##..#
,** #..#
##Z####≈≈≈≈≈≈≈##.. * ,,
#..#°#Z#≈≈≈≈≈≈≈≈≈###.
** #°○°###≈≈≈≈≈≈≈≈#..#
###..Z##≈≈≈≈≈≈##...
###ZZ###≈≈≈##..##
##..#* ###.# #.Z## ##.


You could see a blizzard demon, an alligator simulacrum, a golden dragon
simulacrum and a caustic shrike simulacrum.

Vanquished Creatures
  A minotaur (Gauntlet)
  A caustic shrike simulacrum (IceCv)
  Fannar (D:12)
  5 centaur warriors
  3 boulder beetles
  3 two-headed ogres
  5 death yaks (Gauntlet)
  2 large abominations (Gauntlet)
  6 skeletal warriors
  An obsidian statue (IceCv)
  8 spriggan simulacra (IceCv)
  2 orc knights
  4 cyclopes
  Maurice (D:13)
  3 manticores
  6 ugly things (D:14)
  Joseph (D:7)
  3 centaur skeletons (D:14)
  2 ice statues (D:15)
  A gargoyle (D:12)
  2 torpor snails (Gauntlet)
  2 unseen horrors (D:13)
  4 yaktaurs (D:14)
  5 freezing wraiths (IceCv)
  8 ice devils
  4 kobold demonologists
  2 tengu conjurers (D:14)
  3 meliai (D:14)
  A hornet (D:8)
  2 trolls (D:12)
  4 slime creatures (D:12)
  A shadow (D:10)
  A culicivora (shapeshifter) (D:15)
  10 yaks
  2 wyverns
  2 vampires
  2 humans (D:7)
  3 dire elephant simulacra (IceCv)
  Grum (D:9)
  A wraith (D:14)
  A human (shapeshifter) (D:13)
  8 vampire mosquitoes (D:12)
  9 minotaur simulacra (IceCv)
  A neqoxec (Gauntlet)
  2 chaos spawn (Gauntlet)
  4 wargs (D:9)
  Menkaure (Ossuary)
  A harpy simulacrum (IceCv)
  3 acid dragons
  3 water moccasins
  An ettin simulacrum (IceCv)
  2 ice beasts
  A sky beast (D:8)
  13 orc warriors
  A black bear (D:6)
  15 centaurs
  2 wolves (D:9)
  2 phantoms (D:7)
  4 small abominations (Gauntlet)
  6 kobold brigands
  4 bullfrogs
  3 gnoll sergeants
  8 deep troll simulacra (IceCv)
  3 scorpions
  11 wights
  A hornet simulacrum (D:15)
  3 killer bees (D:7)
  A lindwurm simulacrum (IceCv)
  2 howler monkeys (D:11)
  7 orc priests
  6 hounds
  Crazy Yiuf (D:5)
  Ijyb (D:3)
  Terence (D:2)
  3 iguanas
  17 orc wizards
  A boggart skeleton (D:14)
  3 mummies (Ossuary)
  9 gnolls
  5 adders
  3 white imps (Gauntlet)
  An ufetubus (D:7)
  2 worms
  2 dart slugs
  54 orcs
  6 ball pythons
  11 endoplasms
  6 gnoll zombies (Ossuary)
  6 goblins
  5 hobgoblins
  16 kobolds
  7 bats
  3 frilled lizards
  4 gnoll skeletons (Ossuary)
  4 goblin skeletons (Ossuary)
  3 goblin zombies (Ossuary)
  4 hobgoblin skeletons (Ossuary)
  3 hobgoblin zombies (Ossuary)
  3 kobold skeletons (Ossuary)
  7 kobold zombies (Ossuary)
  6 orc skeletons (Ossuary)
  2 orc zombies (Ossuary)
  A quokka zombie (D:5)
  2 rats
  4 rat skeletons (Ossuary)
  5 rat zombies
459 creatures vanquished.

Vanquished Creatures (collateral kills)
  2 death yaks (Gauntlet)
2 creatures vanquished.

Grand Total: 461 creatures vanquished

Notes
Turn   | Place    | Note
-------+----------+-------------------------------------------
     0 | D:1      | Shard1697 the Meteoran Berserker began the quest for the
                  | Orb.
     0 | D:1      | Reached XP level 1. HP: 19/19 MP: 2/2
    29 | D:1      | Reached skill level 4 in Axes
    39 | D:1      | Reached XP level 2. HP: 26/26 MP: 3/3
    65 | D:1      | Found Felujul's Distillery.
   163 | D:1      | Bought a potion of curing for 42 gold pieces
   299 | D:1      | Reached XP level 3. HP: 27/31 MP: 4/4
   403 | D:2      | Reached skill level 5 in Axes
   503 | D:2      | Noticed Terence
   515 | D:2      | Killed Terence
   516 | D:2      | Reached XP level 4. HP: 24/38 MP: 5/5
   685 | D:2      | Reached ** piety under Trog
   788 | D:2      | Reached skill level 6 in Axes
  1075 | D:3      | Reached XP level 5. HP: 45/45 MP: 6/6
  1214 | D:3      | Noticed Ijyb
  1255 | D:3      | Killed Ijyb
  1383 | D:4      | Reached skill level 7 in Axes
  1383 | D:4      | Reached XP level 6. HP: 34/51 MP: 7/7
  1521 | D:4      | Reached skill level 8 in Axes
  1689 | D:5      | Entered Level 5 of the Dungeon
  1707 | D:5      | Found a runed translucent door.
  1708 | D:5      | Noticed Crazy Yiuf
  1714 | D:5      | Killed Crazy Yiuf
  1841 | D:5      | Reached XP level 7. HP: 48/57 MP: 8/8
  1866 | D:5      | Found a sand-covered staircase.
  1881 | Ossuary  | Entered an ossuary
  1974 | Ossuary  | Reached *** piety under Trog
  2149 | Ossuary  | Noticed Menkaure
  2167 | Ossuary  | Killed Menkaure
  2168 | Ossuary  | Reached skill level 9 in Axes
  2316 | D:5      | Reached XP level 8. HP: 48/67 MP: 9/9
  2354 | D:5      | Reached **** piety under Trog
  2429 | D:5      | Reached skill level 5 in Fighting
  2454 | D:6      | Found a staircase to the Ecumenical Temple.
  2469 | D:6      | Reached skill level 10 in Axes
  2586 | D:6      | Gained mutation: You passively map the area around you.
                  | [Meteoran growth]
  2586 | D:6      | Reached XP level 9. HP: 72/78 MP: 10/10
  2628 | D:6      | Found a radiant altar of Vehumet.
  2632 | D:6      | Found an ancient bone altar of Kikubaaqudgha.
  2633 | D:6      | Found a shimmering blue altar of Sif Muna.
  2784 | D:6      | Found a broken altar of Ashenzari.
  2886 | D:7      | Noticed Joseph
  2888 | D:7      | Found an iron altar of Okawaru.
  2898 | D:7      | Reached skill level 11 in Axes
  2908 | D:7      | Killed Joseph
  2952 | D:7      | Reached skill level 12 in Axes
  3008 | D:7      | Reached XP level 10. HP: 47/90 MP: 11/11
  3196 | D:7      | Identified the +0 scale mail "Hizel" {rElec}
  3504 | D:8      | Reached skill level 13 in Axes
  3515 | D:8      | Reached ***** piety under Trog
  3525 | D:8      | Reached skill level 10 in Fighting
  3701 | D:8      | Reached skill level 1 in Evocations
  3710 | D:8      | Paralysed by a hornet for 2 turns
  3715 | D:8      | Paralysed by a hornet for 1 turns
  3949 | D:9      | Identified the +7 scimitar of the Traitor {protect, rPois
                  | rC- Int+3}
  3990 | D:9      | Noticed a two-headed ogre
  4017 | D:9      | Killed a two-headed ogre
  4018 | D:9      | Reached skill level 14 in Axes
  4018 | D:9      | Reached skill level 5 in Armour
  4018 | D:9      | Reached XP level 11. HP: 99/99 MP: 12/12
  4149 | D:9      | Reached skill level 1 in Shields
  4179 | D:9      | Found a snail-covered altar of Cheibriados.
  4179 | D:9      | Found a bloodstained altar of Trog.
  4182 | D:9      | Found a sacrificial altar of Ru.
  4183 | D:9      | Found a glowing silver altar of Zin.
  4184 | D:9      | Found a burning altar of Makhleb.
  4286 | D:9      | Noticed Grum
  4308 | D:9      | Killed Grum
  4427 | D:9      | Found a staircase to the Orcish Mines.
  4478 | D:10     | Entered Level 10 of the Dungeon
  4618 | D:10     | Found a staircase to the Lair.
  4727 | D:10     | Reached skill level 15 in Axes
  4999 | D:11     | Noticed a boulder beetle
  5019 | D:11     | Killed a boulder beetle
  5020 | D:11     | Reached skill level 5 in Shields
  5020 | D:11     | Reached skill level 5 in Evocations
  5137 | D:11     | Identified the +7 flail of Eririr {venom, *Rage rElec
                  | Int+9}
  5143 | D:11     | Identified the +6 broad axe of Egomania {heavy, rElec}
                  | (Trog gifted it to you on level 11 of the Dungeon)
  5143 | D:11     | Received a gift from Trog
  5181 | D:11     | Noticed a sun demon
  5225 | D:11     | Noticed a two-headed ogre
  5241 | D:11     | Killed a two-headed ogre
  5242 | D:11     | Reached XP level 12. HP: 92/106 MP: 13/13
  5472 | D:12     | Noticed an orc knight
  5511 | D:12     | Noticed Fannar
  5528 | D:12     | Killed Fannar
  5533 | D:12     | Found a gate leading to a gauntlet.
  5540 | D:12     | Reached skill level 16 in Axes
  5553 | Gauntlet | Entered a Gauntlet
  5553 | Gauntlet | Found a transporter.
  5553 | Gauntlet | Found a runed translucent door.
  5554 | Gauntlet | Found a runed translucent door.
  5556 | Gauntlet | Found a transporter.
  5557 | Gauntlet | Found a transporter.
  5557 | Gauntlet | Found a transporter.
  5581 | Gauntlet | Found a transporter.
  5587 | Gauntlet | Found a transporter.
  5587 | Gauntlet | Found a transporter.
  5593 | Gauntlet | Noticed a death yak
  5594 | Gauntlet | Noticed a death yak
  5595 | Gauntlet | Noticed a death yak
  5596 | Gauntlet | Found a transporter.
  5596 | Gauntlet | Found a transporter.
  5597 | Gauntlet | Found a transporter.
  5602 | Gauntlet | Killed a death yak
  5607 | Gauntlet | Killed a death yak
  5607 | Gauntlet | Killed a death yak
  5614 | Gauntlet | Noticed a death yak
  5615 | Gauntlet | Noticed a death yak
  5618 | Gauntlet | Noticed a death yak
  5623 | Gauntlet | Noticed a death yak
  5629 | Gauntlet | Found a runed translucent gate.
  5629 | Gauntlet | Found a runed translucent gate.
  5629 | Gauntlet | Found a runed translucent gate.
  5631 | Gauntlet | Found a transporter.
  5635 | Gauntlet | Found a transporter.
  5636 | Gauntlet | Found a transporter.
  5639 | Gauntlet | Identified the amulet "Nuntef" {Spirit rF- Will+ Str+5
                  | Int-2}
  5660 | Gauntlet | Killed a death yak
  5666 | Gauntlet | Killed a death yak
  5668 | Gauntlet | Killed a death yak
  5669 | Gauntlet | Reached XP level 13. HP: 26/113 MP: 14/14
  5669 | Gauntlet | Killed a death yak
  5684 | Gauntlet | Found a transporter.
  5689 | Gauntlet | Reached skill level 17 in Axes
  5695 | Gauntlet | Reached skill level 10 in Shields
  5717 | Gauntlet | Identified the amulet of Jeuw {*Slow rN+++ Regen+ Dex-4
                  | Stlth+}
  5717 | Gauntlet | Noticed a minotaur
  5729 | Gauntlet | Killed a minotaur
  5847 | D:12     | Identified the +7 spear of Risk Management {drain, Fly
                  | rElec rC- Dex+5}
  5877 | D:12     | Noticed a boulder beetle
  5892 | D:12     | Killed a boulder beetle
  5905 | D:12     | Found a transporter.
  5923 | D:12     | Found a transporter.
  5945 | D:12     | Found a transporter.
  6058 | D:12     | Received a gift from Trog
  6217 | D:12     | Reached skill level 18 in Axes
  6217 | D:12     | Found a transporter.
  6364 | D:13     | Noticed a two-headed ogre
  6368 | D:13     | Killed a two-headed ogre
  6379 | D:13     | Noticed Maurice
  6391 | D:13     | Killed Maurice
  6392 | D:13     | Reached XP level 14. HP: 120/121 MP: 15/15
  7037 | D:14     | Reached skill level 5 in Dodging
  7275 | D:14     | Reached skill level 10 in Evocations
  7382 | D:14     | Found a gate to the Vaults.
  7466 | D:14     | Reached skill level 10 in Armour
  7508 | D:15     | Entered Level 15 of the Dungeon
  7808 | D:15     | Found a frozen archway.
  7883 | IceCv    | Entered an ice cave
  7888 | IceCv    | Reached XP level 15. HP: 128/128 MP: 10/16
  7915 | IceCv    | Reached ****** piety under Trog
  7919 | IceCv    | Received a gift from Trog
  8397 | IceCv    | Slain by a caustic shrike simulacrum

Illustrated notes

Levels and vault maps discovered:
D:1:      psy_arrival_dodecagon, layout_rooms, serial_shops, shop,
          nrook_mini_backslash
D:2:      layout_basic, nrook_mini_vaults, minmay_pentomino_r4, uniq_terence
D:3:      layout_loops_corners, basic_ecumenical_altar, chequers_hall_statues_y,
          uniq_ijyb
D:4:      layout_rooms, nicolae_wu_jian_glorious_leap
D:5:      layout_basic, enter_ossuary_4, uniq_crazy_yiuf_cottage
D:6:      layout_cave_pools, grunt_temple_overflow_magic_moments,
          minmay_overflow_temple_star_hex, minmay_temple_entry_glass,
          grunt_decor_one_mirror, uniq_menkaure
D:7:      layout_gridville, okawaru_humans, uniq_joseph
D:8:      layout_layer_cave, kennysheep_opposing_triangles
D:9:      layout_basic, grunt_temple_overflow_open, erik_orc_4,
          minmay_chambers_of_fives, uniq_grum
D:10:     layout_cave_pools, erik_lair_orcish_takeover, special_room
          [special_room_bee]
D:11:     layout_irregular_city
D:12:     layout_rooms, special_room [special_room_orc], gauntlet_entry_generic,
          nicolae_transporter_intersection, uniq_fannar
D:13:     layout_loops_ring, kennysheep_generic_room_8, uniq_maurice
D:14:     layout_small_grid, hangedman_vaults_entry_quadrant_bands,
          dreamdust_princess_corridor
D:15:     grunt_enter_depths_magical_seal, layout_gridville,
          serial_bayou_shore_b, portal_ice_cave_entry_ice_statue_two
IceCv:    ice_cave_caverns_02

Skill      XL: |  1  2  3  4  5  6  7  8  9 10 11 12 13 14 15 |
---------------+----------------------------------------------+-----
Axes           | 4 5 6 7 8 9 10 12 14 15 16 18 | 18.5
Fighting       | 4 6 8 10 | 10.9
Armour         | 5 7 10 | 10.0
Evocations     | 3 5 7 9 10 | 10.2
Shields        | 6 9 11 12 13 | 13.0
Dodging        | 3 8 9 |  9.6

Action                     |  1- 3 |  4- 6 |  7- 9 | 10-12 | 13-15 || total
---------------------------+-------+-------+-------+-------+-------++-------
  Melee: Hand axe          |    69 |    71 |       |       |       ||   140
         War axe           |       |    41 |   255 |   395 |       ||   691
         Punch             |       |     1 |     4 |     3 |       ||     8
         Broad axe         |       |       |       |    77 |   450 ||   527
 Invoke: Berserk           |       |     3 |     2 |     7 |     5 ||    17
         Brothers in Arms  |       |       |       |     2 |     2 ||     4
         Trog's Hand       |       |       |       |       |     1 ||     1
  Evoke: Wand              |       |       |       |     3 |     5 ||     8
    Use: Scroll            |       |     7 |    10 |     8 |     4 ||    29
         Potion            |       |       |     3 |     5 |     6 ||    14
 Armour: Animal skin       |     6 |       |       |       |       ||     6
         Ring mail         |     8 |       |       |       |       ||     8
         Scale mail        |     8 |    37 |   122 |   109 |   213 ||   489
         Plate armour      |       |       |       |   166 |       ||   166
         Chain mail        |       |       |       |       |    48 ||    48
  Dodge: Dodged            |    44 |    50 |   105 |   127 |   160 ||   486
  Block: Kite shield       |       |       |       |   111 |   333 ||   444

Table legend: (Time is in decaauts)
 A = Elapsed time spent in this place.
 B = Non-inter-level travel time spent in this place.
 C = Inter-level travel time spent in this place.
 D = Time resting spent in this place.
 E = Time spent auto-exploring this place.
 F = Levels seen in this place.
 G = Mean time per level.
                   A        B        C        D        E       F      G
               +--------+--------+--------+--------+--------+-----+--------+
         Total |   8524 |   7526 |    998 |    120 |    271 |  18 |  473.6 |
       Dungeon |   7447 |   6449 |    998 |     18 |    206 |  15 |  496.5 |
       Ossuary |    391 |    391 |      0 |     22 |     65 |   1 |  391.0 |
      Ice Cave |    493 |    493 |      0 |     66 |      0 |   1 |  493.0 |
      Gauntlet |    192 |    192 |      0 |     13 |      0 |   1 |  192.0 |
               +--------+--------+--------+--------+--------+-----+--------+

Top non-repeatable levels by time:
    D:14: 791 daAuts
    D:12: 684 daAuts
     D:9: 612 daAuts
     D:7: 612 daAuts
    D:11: 574 daAuts
     D:2: 544 daAuts
   IceCv: 493 daAuts
     D:8: 487 daAuts
    D:13: 454 daAuts
     D:1: 401 daAuts
    D:10: 400 daAuts
     D:5: 399 daAuts
     D:3: 393 daAuts
 Ossuary: 391 daAuts
     D:6: 387 daAuts
